 Dungeon Crawl Stone Soup version 0.28.0-62-gf88900778d (webtiles) character file.

Game seed: 13598246277121958771

37 cbfl8 the Covered (level 3, -1/33 HPs)
             Began as a Minotaur Fighter on Aug 29, 2023.
             Slain by an adder (3 damage)
             ... on level 2 of the Dungeon.
             The game lasted 00:00:51 (954 turns).

cbfl8 the Covered (Minotaur Fighter)                 Turns: 954, Time: 00:00:52

Health: -1/33      AC:  7    Str: 20    XL:     3   Next: 23%
Magic:  2/2        EV:  9    Int:  5    God:
Gold:   24         SH:  4    Dex: 11    Spells: 2/2 levels left

rFire   . . .      SeeInvis .   a - +0 war axe
rCold   . . .      Faith    .   c - +0 buckler
rNeg    . . .      Spirit   .   b - +0 scale mail
rPois   .          Reflect  .   (helmet restricted)
rElec   .          Harm     .   (no cloak)
rCorr   .          Rampage  .   (no gloves)
Will    .....                   (no boots)
Stlth   ..........              (no amulet)
HPRegen 0.11/turn               (no ring)
MPRegen 0.08/turn               (no ring)

@: mighty, lethally poisoned (-1 -> -7)
A: horns 2, retaliatory headbutt
a: no special abilities


You were on level 2 of the Dungeon.
You visited 1 branch of the dungeon, and saw 2 of its levels.

You collected 24 gold pieces.

Inventory:

Hand Weapons
 a - a +0 war axe (weapon)
Armour
 b - a +0 scale mail (worn)
 c - a +0 buckler (worn)
Scrolls
 e - a scroll of teleportation {unknown}


   Skills:
 + Level 4.0 Fighting
 + Level 2.7 Axes
 + Level 4.1 Armour
 + Level 4.0 Shields
 * Level 1.0 Evocations


You had 2 spell levels left.
You didn't know any spells.
Your spell library was empty.

Dungeon Overview and Level Annotations

Branches:
Dungeon (2/15)

Altars:

Annotations:
D:2 Sigmund


Innate Abilities, Weirdness & Mutations

You have a pair of horns on your head.
You reflexively headbutt those who attack you in melee.


Message History

The dart slug launches a dart at you. The slug dart misses you.
Sigmund casts a spell at you.
You are confused.
You closely miss the adder. The adder bites you but does no damage.
The adder barely misses you. Sigmund hits you but does no damage.
You bump into the rock wall.
The adder bites you.
You are poisoned.
The adder poisons you!
The dart slug bites you but does no damage.
You hit the dart slug. Your headbutt misses the dart slug.
The dart slug is moderately wounded.
You slash the adder!
You feel sick. The adder bites you.
You are more poisoned.
The adder poisons you! Sigmund casts a spell at you.
You are more confused.
The adder bites you but does no damage. The dart slug launches a dart at you.
The slug dart misses you.
Sigmund hits you from afar with a +0 scythe.
You feel very mighty all of a sudden.
You feel very sick. The adder bites you but does no damage.
You feel sick.
The dart slug bites you but does no damage.
Sigmund screams, "I am the angel of ZOT!!!"
Sigmund barely misses you. The adder misses you.
You feel sick.
You bump into the rock wall.
You feel sick. The adder bites you.
* * * LOW HITPOINT WARNING * * *
You are lethally poisoned!
The adder poisons you!
* * * LOW HITPOINT WARNING * * *
You feel sick.
There is a stone staircase leading up here.
You feel less confused.
* * * LOW HITPOINT WARNING * * *
You feel sick. The adder bites you.
You die...

..............
w###............
................ .
............... ..
.###..w....### .#
........@....#..#.
####..............
#.#####w#.#..## ..
#..@S...# ##
#.###.### # #.#
#.# #.# ..# ...
#.#


You could see an adder and a dart slug.

Vanquished Creatures
  3 dart slugs (D:1)
  A ball python (D:1)
  An endoplasm (D:1)
  2 giant cockroaches (D:1)
  4 hobgoblins (D:1)
  3 quokkas (D:1)
  3 bats (D:1)
  6 frilled lizards (D:1)
  5 goblins (D:1)
  2 rats (D:1)
30 creatures vanquished.

Vanquished Creatures (others)
  3 demonic plants (D:1)
  2 plants (D:1)
5 creatures vanquished.

Grand Total: 35 creatures vanquished

Notes
Turn   | Place    | Note
-------+----------+-------------------------------------------
     0 | D:1      | cbfl8 the Minotaur Fighter began the quest for the Orb.
     0 | D:1      | Reached XP level 1. HP: 19/19 MP: 0/0
   174 | D:1      | Reached XP level 2. HP: 26/27 MP: 1/1
   396 | D:1      | Reached XP level 3. HP: 31/33 MP: 2/2
   419 | D:1      | Found a faded altar of an unknown god.
   733 | D:1      | Reached skill level 1 in Evocations
   939 | D:2      | Noticed Sigmund
   954 | D:2      | Slain by an adder

Illustrated notes

Levels and vault maps discovered:
D:1:      scummos_arrival_star, layout_loops_ring, shapermc_ecumenical_altar_gd
D:2:      layout_basic, uniq_sigmund

Skill      XL: |  1  2  3 |
---------------+----------+-----
Armour         | 4 |  4.1
Shields        | 4 |  4.0
Fighting       | 4 |  4.0
Evocations     | 1 |  1.0
Axes           | |  2.7

Action                   || total
-------------------------++-------
Melee: War axe           ||    64
       Headbutt          ||     8
  Use: Potion            ||     1
Armor: Scale mail        ||    32
Dodge: Dodged            ||    38
Block: Buckler           ||    12
